[Event "TUR-chT Superleague 2018"]
[Site "Ankara"]
[Date "2018.07.28"]
[Round "4"]
[White "Injac, Teodora"]
[Black "Muzychuk, Mariya"]
[Result "0-1"]
[ECO "D02"]
[WhiteElo "2302"]
[BlackElo "2521"]
[Annotator "RC"]
[PlyCount "48"]
[EventDate "2018.07.25"]
[EventType "team-tourn"]
[EventCountry "TUR"]
[SourceTitle "playchess.com"]
[Source "ChessBase"]
[SourceQuality "1"]
[TimeControl "40/5400+30:1800+30"]

1. d4 Nf6 2. Nf3 g6 3. Nbd2 d5 4. e3 Bg7 5. b4 a5 6. b5 c5 7. bxc6 Nxc6 8. Be2 O-O 9. O-O Bf5 10. Bb2 Rc8 11. c3 Ne4 12. Nxe4 Bxe4 13. Qb3 Qd7 14. Ba3 Rfd8 15. Nd2 Bf5 16. Bb5 e5 17. Rac1 h5 18. Qa4 h4 19. c4 exd4 20. cxd5 dxe3 21. dxc6 bxc6 22. Bxc6 Rxc6 23. Rxc6 exd2 24. Bd6 Bf8 0-1

[Event "TUR-chT Superleague 2018"]
[Site "Ankara"]
[Date "2018.07.28"]
[Round "4"]
[White "Yaran, Siar"]
[Black "Ozenir, Ekin Baris"]
[Result "1-0"]
[ECO "D00"]
[WhiteElo "2261"]
[BlackElo "2300"]
[Annotator "NA"]
[PlyCount "147"]
[EventDate "2018.07.25"]
[EventType "team-tourn"]
[EventCountry "TUR"]
[SourceTitle "playchess.com"]
[Source "ChessBase"]
[SourceQuality "1"]
[TimeControl "40/5400+30:1800+30"]

1. Nc3 Nf6 2. d4 d5 3. Bf4 Bf5 4. f3 e6 5. g4 Bg6 6. e3 a6 7. h4 h5 8. g5 Nfd7 9. Bd3 Bxd3 10. Qxd3 c5 11. g6 f6 12. Nge2 Nc6 13. O-O-O Qa5 14. e4 Nxd4 15. Nxd4 cxd4 16. Qxd4 Bb4 17. Bd2 Qb6 18. Qxb6 Nxb6 19. exd5 Bxc3 20. bxc3 Nxd5 21. Rhe1 O-O-O 22. Rxe6 Rhe8 23. Rde1 Rxe6 24. Rxe6 Kd7 25. Re4 Ne7 26. Rb4 b5 27. c4 bxc4 28. Rxc4 Nxg6 29. Ra4 Ra8 30. Be1 Ke6 31. Bg3 Ne7 32. Kd2 Nf5 33. Bf2 g5 34. Re4+ Kf7 35. c4 Rc8 36. Kd3 Rc6 37. a4 Kg6 38. hxg5 fxg5 39. Re8 h4 40. Rg8+ Kf6 41. c5 Rc7 42. Kc4 Rh7 43. Bg1 h3 44. Bh2 Rh4+ 45. Kb3 Nd4+ 46. Kc3 Ne6 47. c6 Kf7 48. Rc8 Rxa4 49. c7 Nxc7 50. Rxc7+ Kg6 51. Rc6+ Kh7 52. Kd3 Ra3+ 53. Ke4 Ra2 54. Be5 h2 55. Rc7+ Kh6 56. Rc8 Kg6 57. Rg8+ Kh7 58. Rh8+ Kg6 59. Rxh2 Ra4+ 60. Bd4 Rb4 61. Ra2 Rb1 62. Rxa6+ Kh5 63. Be5 Re1+ 64. Kf5 Rf1 65. f4 g4 66. Ra8 Kh4 67. Rh8+ Kg3 68. Rg8 Kf3 69. Rxg4 Rh1 70. Rg6 Rh5+ 71. Ke6 Ke4 72. f5 Rh7 73. Rg4+ Kf3 74. Ra4 1-0

[Event "TUR-chT Superleague 2018"]
[Site "Ankara"]
[Date "2018.07.28"]
[Round "4"]
[White "Demircioglu, Emre"]
[Black "Keler, Faruk"]
[Result "1/2-1/2"]
[ECO "E14"]
[WhiteElo "2244"]
[BlackElo "2286"]
[Annotator "NA"]
[PlyCount "95"]
[EventDate "2018.07.25"]
[EventType "team-tourn"]
[EventCountry "TUR"]
[SourceTitle "playchess.com"]
[Source "ChessBase"]
[SourceQuality "1"]
[TimeControl "40/5400+30:1800+30"]

1. d4 Nf6 2. c4 e6 3. Nf3 c5 4. e3 b6 5. Bd3 cxd4 6. exd4 Bb4+ 7. Nc3 Bxc3+ 8. bxc3 O-O 9. O-O d6 10. Bg5 Bb7 11. Nd2 h6 12. Bh4 Nbd7 13. Re1 Qc7 14. Bg3 Rfe8 15. Bf1 Qc6 16. a4 a5 17. h3 Rac8 18. Rb1 Ba6 19. Be2 Ra8 20. Bf3 d5 21. cxd5 exd5 22. Qb3 Rac8 23. Rxe8+ Rxe8 24. Nf1 Bd3 25. Rc1 Bc4 26. Qa3 Be2 27. Re1 Bxf3 28. Rxe8+ Nxe8 29. gxf3 Qe6 30. Kg2 g5 31. Qc1 f5 32. f4 Qe4+ 33. f3 Qe2+ 34. Bf2 g4 35. hxg4 fxg4 36. Qe3 gxf3+ 37. Qxf3 Qxf3+ 38. Kxf3 b5 39. axb5 Nd6 40. Ne3 Nb6 41. Bh4 a4 42. Be7 Nxb5 43. Bc5 Nc4 44. Nxd5 a3 45. Bxa3 Ncxa3 46. Ne7+ Kf7 47. Nf5 h5 48. Ke4 1/2-1/2

[Event "TUR-chT Superleague 2018"]
[Site "Ankara"]
[Date "2018.07.28"]
[Round "4"]
[White "Samani, Yamac"]
[Black "Kilic, Efe Mert"]
[Result "1-0"]
[ECO "C60"]
[WhiteElo "2227"]
[BlackElo "2317"]
[Annotator "NA"]
[PlyCount "137"]
[EventDate "2018.07.25"]
[EventType "team-tourn"]
[EventCountry "TUR"]
[SourceTitle "playchess.com"]
[Source "ChessBase"]
[SourceQuality "1"]
[TimeControl "40/5400+30:1800+30"]

1. e4 e5 2. Nf3 Nc6 3. Bb5 Nge7 4. O-O g6 5. c3 Bg7 6. d4 exd4 7. cxd4 a6 8. Ba4 b5 9. Bb3 d6 10. h3 O-O 11. a4 Bb7 12. Re1 h6 13. Nc3 b4 14. Ne2 Na5 15. Bc2 c5 16. Ng3 Rc8 17. d5 Nc4 18. Qe2 Nxb2 19. Rb1 Re8 20. Qf1 c4 21. Bxb2 Bxb2 22. Rxb2 a5 23. Rc1 Nxd5 24. exd5 Qf6 25. Rbb1 Bxd5 26. Qd1 Bxf3 27. gxf3 Red8 28. Ne4 Qe5 29. Qd5 Qxd5 30. Nf6+ Kg7 31. Nxd5 Rc5 32. Rd1 Rb8 33. Nc3 Rd8 34. Ne4 Rc6 35. Rd5 f5 36. Nd2 Re8 37. f4 b3 38. Nxb3 cxb3 39. Bxb3 Re4 40. Rxa5 Rxf4 41. Rb5 Rc3 42. Kg2 g5 43. a5 g4 44. hxg4 Rxg4+ 45. Kf1 Rh4 46. Bd5 Ra4 47. Bb7 f4 48. Kg2 Ra2 49. R1b2 Ra1 50. a6 f3+ 51. Kg3 Kf6 52. R2b3 Rg1+ 53. Kf4 Rc4+ 54. Kxf3 Ra4 55. Rd3 Ke7 56. Rb6 Rg6 57. Bc6 Rf6+ 58. Kg2 Rg6+ 59. Rg3 Rxg3+ 60. fxg3 Ra2+ 61. Kf3 Ra3+ 62. Ke4 Kd8 63. Bd5 Ke7 64. Rb7+ Kf6 65. Rf7+ Kg6 66. a7 Ra5 67. Rd7 Ra4+ 68. Kd3 Ra3+ 69. Ke4 1-0

[Event "TUR-chT Superleague 2018"]
[Site "Ankara"]
[Date "2018.07.28"]
[Round "4"]
[White "Isik, Alparslan"]
[Black "Nihal Sarin"]
[Result "0-1"]
[ECO "A42"]
[WhiteElo "2212"]
[BlackElo "2551"]
[Annotator "ChessBase"]
[PlyCount "98"]
[EventDate "2018.07.25"]
[EventType "team-tourn"]
[EventCountry "TUR"]
[SourceTitle "playchess.com"]
[Source "ChessBase"]
[SourceQuality "1"]
[TimeControl "40/5400+30:1800+30"]

1. d4 g6 2. c4 Bg7 3. e4 d6 4. Nc3 e5 5. Nf3 Bg4 6. d5 Nd7 7. h3 Bxf3 8. Qxf3 h5 9. Bd3 Bh6 10. O-O a5 11. Bc2 Bxc1 12. Rfxc1 Ngf6 13. a3 Nb6 14. Nb5 O-O 15. Bd3 Na4 16. Bc2 Nb6 17. Bd3 Nfd7 18. b4 axb4 19. axb4 Rxa1 20. Rxa1 Qb8 21. Qe3 c5 22. dxc6 bxc6 23. Nxd6 Qxd6 24. c5 Qe7 25. cxb6 Qxb4 26. Rb1 Qd4 27. Qxd4 exd4 28. Rc1 Rb8 29. b7 Rxb7 30. Rxc6 Ne5 31. Rc8+ Kg7 32. Bf1 g5 33. Rd8 Rd7 34. Rxd7 Nxd7 35. g3 Nc5 36. f3 h4 37. gxh4 gxh4 38. Bc4 f6 39. Bd5 Nd3 40. Be6 Nf4 41. Bd7 d3 42. Kf2 d2 43. Ba4 Nxh3+ 44. Ke3 Ng5 45. Bc2 h3 46. Kf2 Kf8 47. Kg3 Ke7 48. Kh2 Nxf3+ 49. Kxh3 Ng5+ 0-1

[Event "TUR-chT Superleague 2018"]
[Site "Ankara"]
[Date "2018.07.28"]
[Round "4"]
[White "Ozbay, Ece"]
[Black "Keskin, Elif"]
[Result "1-0"]
[ECO "B41"]
[WhiteElo "2140"]
[BlackElo "1719"]
[Annotator "NA"]
[PlyCount "117"]
[EventDate "2018.07.25"]
[EventType "team-tourn"]
[EventCountry "TUR"]
[SourceTitle "playchess.com"]
[Source "ChessBase"]
[SourceQuality "1"]
[TimeControl "40/5400+30:1800+30"]

1. e4 c5 2. Nf3 e6 3. d4 cxd4 4. Nxd4 a6 5. c4 Qc7 6. Nc3 Nf6 7. Be3 d6 8. Be2 Be7 9. O-O Nbd7 10. f3 b6 11. Qd2 Bb7 12. Rfc1 O-O 13. a3 Rac8 14. b4 Qb8 15. Rab1 Rfd8 16. Qb2 Qa8 17. Na4 Qb8 18. Bd3 Ba8 19. Qf2 Ne5 20. Be2 Nfd7 21. Nb3 b5 22. Nb6 Nxb6 23. Bxb6 Rd7 24. cxb5 Rxc1+ 25. Rxc1 axb5 26. Na5 Bg5 27. Rc2 Bd8 28. Be3 Rc7 29. Rxc7 Bxc7 30. Ba7 Qc8 31. Bxb5 Bxa5 32. bxa5 Qc1+ 33. Bf1 Qxa3 34. Qc2 Nc6 35. Bb6 Qb4 36. Qd3 Bb7 37. Qb5 Qxb5 38. Bxb5 Nb4 39. Bc7 d5 40. Bd6 Na6 41. exd5 exd5 42. Kf2 f6 43. Be8 g6 44. g4 d4 45. f4 Kg7 46. Ke2 f5 47. g5 h6 48. h4 hxg5 49. hxg5 Bg2 50. Bb5 d3+ 51. Kd2 Bb7 52. Bc4 Kh7 53. Kxd3 Kg7 54. Kd4 Kh7 55. Ke5 Kg7 56. Ke6 Bc8+ 57. Ke7 Bb7 58. Be5+ Kh7 59. Kf8 1-0

[Event "TUR-chT Superleague 2018"]
[Site "Ankara"]
[Date "2018.07.28"]
[Round "4"]
[White "Gunduz, Umut Erdem"]
[Black "Tarlabasi, Emirhan"]
[Result "1/2-1/2"]
[ECO "C03"]
[WhiteElo "2130"]
[BlackElo "2117"]
[Annotator "NA"]
[PlyCount "60"]
[EventDate "2018.07.25"]
[EventType "team-tourn"]
[EventCountry "TUR"]
[SourceTitle "playchess.com"]
[Source "ChessBase"]
[SourceQuality "1"]
[TimeControl "40/5400+30:1800+30"]

1. e4 e6 2. d4 d5 3. Nd2 h6 4. Ngf3 Nf6 5. e5 Nfd7 6. Bd3 c5 7. c3 Nc6 8. O-O g5 9. dxc5 Bxc5 10. Nb3 Bf8 11. Re1 Bg7 12. Nbd4 Ndxe5 13. Nxe5 Nxe5 14. Bb5+ Bd7 15. Bxd7+ Qxd7 16. f4 Nc6 17. fxg5 O-O-O 18. g6 Bxd4+ 19. cxd4 fxg6 20. Bf4 Rdf8 21. Qd2 g5 22. Bg3 b6 23. b4 Kb7 24. a4 Qg7 25. Red1 Qe7 26. a5 Rc8 27. Rdb1 Qg7 28. Rd1 Qe7 29. Rdb1 Qg7 30. Rd1 Qe7 1/2-1/2

[Event "TUR-chT Superleague 2018"]
[Site "Ankara"]
[Date "2018.07.28"]
[Round "4"]
[White "Gulden, Egemen"]
[Black "Caglar, Ahmet Ata"]
[Result "1-0"]
[ECO "B47"]
[WhiteElo "2085"]
[BlackElo "2097"]
[Annotator "NA"]
[PlyCount "85"]
[EventDate "2018.07.25"]
[EventType "team-tourn"]
[EventCountry "TUR"]
[SourceTitle "playchess.com"]
[Source "ChessBase"]
[SourceQuality "1"]
[TimeControl "40/5400+30:1800+30"]

1. e4 c5 2. Nc3 e6 3. Nf3 Nc6 4. d4 cxd4 5. Nxd4 Qc7 6. g3 Nf6 7. Ndb5 Qb8 8. Bf4 e5 9. Bg5 a6 10. Na3 Bb4 11. Bxf6 gxf6 12. Nc4 b5 13. Ne3 Ne7 14. Bg2 Qc7 15. Qd3 Bb7 16. O-O Bxc3 17. bxc3 Rc8 18. Rfd1 Bc6 19. Ng4 f5 20. exf5 Bxg2 21. Nf6+ Kf8 22. Nxd7+ Ke8 23. Kxg2 Qc6+ 24. Kg1 f6 25. Qd6 Kf7 26. Nxf6 Nxf5 27. Qxc6 Rxc6 28. Ne4 Rc4 29. f3 Ra4 30. Rd7+ Kg6 31. g4 Ne3 32. Re1 Nc4 33. Red1 Rf8 34. Kf2 Rxa2 35. h4 h5 36. gxh5+ Kf5 37. Rg7 Rxc2+ 38. Kg3 Ne3 39. Rg5+ Ke6 40. Rd6+ Ke7 41. Rxe5+ Kf7 42. Rf6+ Kg7 43. h6+ 1-0

[Event "TUR-chT Superleague 2018"]
[Site "Ankara"]
[Date "2018.07.28"]
[Round "4"]
[White "Gulbeyaz, Emir"]
[Black "Tasdogen, Dincer"]
[Result "1-0"]
[ECO "B20"]
[WhiteElo "2074"]
[BlackElo "2280"]
[Annotator "NA"]
[PlyCount "111"]
[EventDate "2018.07.25"]
[EventType "team-tourn"]
[EventCountry "TUR"]
[SourceTitle "playchess.com"]
[Source "ChessBase"]
[SourceQuality "1"]
[TimeControl "40/5400+30:1800+30"]

1. e4 c5 2. b3 e6 3. Bb2 a6 4. Qe2 Nc6 5. Nf3 b5 6. Nc3 Nge7 7. O-O-O Nd4 8. Qe3 Nec6 9. Ne2 Qa5 10. a3 Bb7 11. Nexd4 cxd4 12. Nxd4 Bxa3 13. Nxc6 Bxc6 14. d4 d5 15. e5 b4 16. h4 Bxb2+ 17. Kxb2 Qa3+ 18. Kb1 a5 19. Qc1 Qxc1+ 20. Kxc1 Kd7 21. Kd2 a4 22. bxa4 Rxa4 23. Bd3 b3 24. Ra1 bxc2 25. Rxa4 Bxa4 26. Ra1 Rc8 27. Kc1 Bc6 28. Ra7+ Ke8 29. Bxh7 Bd7 30. Bg8 Rd8 31. h5 Ke7 32. Bh7 Rc8 33. Bd3 Ke8 34. Ra3 Ke7 35. g4 Kf8 36. g5 Kg8 37. h6 gxh6 38. gxh6 Rb8 39. h7+ Kg7 40. Bxc2 Bc6 41. Rc3 Bd7 42. Kd2 Ra8 43. Ke3 Rb8 44. Kf4 Ra8 45. Rg3+ Kh8 46. Kg5 Kg7 47. Kh5+ Kh8 48. Kh6 Rc8 49. Rg7 Rf8 50. Bd1 Bc6 51. Bh5 Be8 52. f3 f6 53. Bxe8 Rxe8 54. exf6 e5 55. dxe5 d4 56. f7 1-0

[Event "TUR-chT Superleague 2018"]
[Site "Ankara"]
[Date "2018.07.28"]
[Round "4"]
[White "Unat, Can Haktan"]
[Black "Kamer, Kayra"]
[Result "1-0"]
[ECO "B41"]
[WhiteElo "2047"]
[BlackElo "2181"]
[Annotator "NA"]
[PlyCount "135"]
[EventDate "2018.07.25"]
[EventType "team-tourn"]
[EventCountry "TUR"]
[SourceTitle "playchess.com"]
[Source "ChessBase"]
[SourceQuality "1"]
[TimeControl "40/5400+30:1800+30"]

1. e4 c5 2. Nf3 e6 3. d4 cxd4 4. Nxd4 a6 5. c4 Nf6 6. Nc3 Qc7 7. Be2 b6 8. O-O Bb7 9. Qd3 d6 10. f4 Nbd7 11. b4 Be7 12. Bb2 Rc8 13. Rae1 O-O 14. g4 d5 15. cxd5 exd5 16. e5 Ne4 17. Rc1 Qb8 18. Nf5 Bxb4 19. Nxe4 dxe4 20. Qxd7 Rcd8 21. Qa4 Bc5+ 22. Rxc5 bxc5 23. Nd6 Bd5 24. Qc2 Qb6 25. Qc3 Rb8 26. Ba1 Qb4 27. Qxb4 Rxb4 28. Nf5 Bxa2 29. Ne7+ Kh8 30. f5 Rb1 31. Rxb1 Bxb1 32. f6 gxf6 33. exf6 Bd3 34. Kf2 Rb8 35. Be5 Rb6 36. g5 c4 37. h4 Rb5 38. Bd4 c3 39. Bxd3 exd3 40. Bxc3 Rc5 41. Bd2 Re5 42. Be3 Re6 43. Nf5 Kg8 44. Bc5 h5 45. Bb4 Re4 46. Ne7+ Kh7 47. Bc3 Rc4 48. g6+ fxg6 49. Be5 d2 50. f7 Rf4+ 51. Bxf4 d1=Q 52. f8=Q Qd4+ 53. Kf3 Qd3+ 54. Be3 Qf1+ 55. Bf2 Qh3+ 56. Ke2 Qe6+ 57. Kd3 a5 58. Qg8+ Qxg8 59. Nxg8 g5 60. hxg5 Kxg8 61. Kc4 Kf7 62. Kb5 Kg6 63. Bh4 Kf5 64. Kxa5 Kg4 65. g6 Kxh4 66. g7 Kh3 67. g8=Q h4 68. Qg5 1-0

[Event "TUR-chT Superleague 2018"]
[Site "Ankara"]
[Date "2018.07.28"]
[Round "4"]
[White "Sade, Defne"]
[Black "Shuvalova, Polina"]
[Result "0-1"]
[ECO "B19"]
[WhiteElo "1954"]
[BlackElo "2417"]
[Annotator "NA"]
[PlyCount "104"]
[EventDate "2018.07.25"]
[EventType "team-tourn"]
[EventCountry "TUR"]
[SourceTitle "playchess.com"]
[Source "ChessBase"]
[SourceQuality "1"]
[TimeControl "40/5400+30:1800+30"]

1. e4 c6 2. d4 d5 3. Nc3 dxe4 4. Nxe4 Bf5 5. Ng3 Bg6 6. h4 h6 7. Nf3 Nd7 8. h5 Bh7 9. Bd3 Bxd3 10. Qxd3 e6 11. Bd2 Ngf6 12. O-O-O Be7 13. Ne4 O-O 14. Kb1 c5 15. Nxf6+ Nxf6 16. Be3 Qc7 17. Ne5 cxd4 18. Bxd4 Rac8 19. c3 Rfd8 20. Qe2 Bc5 21. Bxc5 Qxc5 22. g4 Nd5 23. Ka1 b5 24. g5 Nf4 25. Qe4 hxg5 26. h6 Rxd1+ 27. Rxd1 gxh6 28. Ng4 f5 29. Nxh6+ Kg7 30. Nxf5+ exf5 31. Rd7+ Kf6 32. Qh1 Ng6 33. Qh7 Qf8 34. Rxa7 Rd8 35. Ra6+ Rd6 36. Qb7 Qe7 37. Rxd6+ Qxd6 38. a3 Qc5 39. Qa6+ Kg7 40. Qb7+ Kh6 41. Qh1+ Nh4 42. f4 Kg6 43. fxg5 Kxg5 44. Qd1 f4 45. Qd8+ Kg4 46. Qd7+ Kg3 47. Qg7+ Kh3 48. Qd7+ Qf5 49. Qd1 f3 50. Qh1+ Kg3 51. Qe1+ f2 52. Qe3+ Nf3 0-1

[Event "TUR-chT Superleague 2018"]
[Site "Ankara"]
[Date "2018.07.28"]
[Round "4"]
[White "Yildirim, Ibrahim Halil"]
[Black "Uzumcu, Ahmet Utku"]
[Result "0-1"]
[ECO "B80"]
[WhiteElo "1887"]
[BlackElo "2261"]
[Annotator "NA"]
[PlyCount "70"]
[EventDate "2018.07.25"]
[EventType "team-tourn"]
[EventCountry "TUR"]
[SourceTitle "playchess.com"]
[Source "ChessBase"]
[SourceQuality "1"]
[TimeControl "40/5400+30:1800+30"]

1. e4 c5 2. Nf3 d6 3. d4 cxd4 4. Nxd4 Nf6 5. Nc3 a6 6. Be3 e6 7. f3 b5 8. Qd2 Bb7 9. O-O-O Nbd7 10. g4 Nb6 11. Qf2 Nfd7 12. Nb3 Rc8 13. Bd3 Rxc3 14. bxc3 Qc7 15. Kd2 Na4 16. Ke1 Nxc3 17. Ra1 Be7 18. Bd4 Ne5 19. Bxe5 dxe5 20. h4 O-O 21. g5 f5 22. gxf6 Rxf6 23. Qe3 Rf4 24. Kd2 Bb4 25. Kc1 a5 26. a3 Bd6 27. Nd2 Bc5 28. Qe1 Bd4 29. Nb3 Rxf3 30. Nxd4 exd4 31. Rf1 Rxf1 32. Qxf1 Nxe4 33. Bxb5 Qc3 34. Ra2 Bd5 35. Rb2 Qe3+ 0-1

[Event "TUR-chT Superleague 2018"]
[Site "Ankara"]
[Date "2018.07.28"]
[Round "4"]
[White "Celik, Eda"]
[Black "Ozbek, Busra"]
[Result "1/2-1/2"]
[ECO "B07"]
[WhiteElo "1864"]
[BlackElo "1848"]
[Annotator "NA"]
[PlyCount "161"]
[EventDate "2018.07.25"]
[EventType "team-tourn"]
[EventCountry "TUR"]
[SourceTitle "playchess.com"]
[Source "ChessBase"]
[SourceQuality "1"]
[TimeControl "40/5400+30:1800+30"]

1. e4 d6 2. d4 Nf6 3. Nc3 g6 4. g3 Bg7 5. Bg2 O-O 6. Nge2 c6 7. O-O e5 8. a4 a5 9. h3 Na6 10. Be3 Nb4 11. g4 Qc7 12. Ng3 Nd7 13. Nce2 b5 14. c3 Na6 15. axb5 cxb5 16. f4 Nb6 17. f5 f6 18. g5 Bb7 19. gxf6 Bxf6 20. Bh6 Rf7 21. Rxa5 Bc6 22. Ra1 Qe7 23. d5 Bd7 24. Nc1 Bh4 25. Qg4 Kh8 26. Nce2 g5 27. Nh5 Nc4 28. Rf3 Nc7 29. Rxa8+ Nxa8 30. b3 Nd2 31. Rd3 Nxb3 32. Kh2 Nc7 33. Rd1 Ne8 34. Ng1 Nf6 35. Nxf6 Qxf6 36. Rb1 Nc5 37. Qh5 Be8 38. Ra1 Na4 39. Nf3 Re7 40. Bxg5 Bxh5 41. Bxf6+ Bxf6 42. c4 Nc3 43. Ne1 b4 44. Ra6 b3 45. Rb6 Bd1 46. Nd3 Rd7 47. c5 Na4 48. Rb5 Nxc5 49. Nxc5 dxc5 50. Rxc5 Rb7 51. d6 b2 52. Rc8+ Bd8 53. Rxd8+ Kg7 54. d7 b1=Q 55. Rg8+ Kxg8 56. d8=Q+ Kf7 57. Qd5+ Kf8 58. Qxe5 Qb3 59. Qh8+ Qg8 60. Qf6+ Qf7 61. Qd6+ Qe7 62. Qxd1 Qe5+ 63. Kh1 Ra7 64. Qd8+ Kf7 65. Qd5+ Qxd5 66. exd5 Kf6 67. Kh2 Ra3 68. Be4 Ke5 69. Bg2 Kxf5 70. Kg1 h5 71. Kf2 h4 72. Bf3 Kf4 73. Bg4 Ra2+ 74. Ke1 Ke5 75. Be6 Rb2 76. Kf1 Rd2 77. Ke1 Rd4 78. Ke2 Kf4 79. Kf2 Rd2+ 80. Ke1 Ke3 81. Kf1 1/2-1/2

[Event "TUR-chT Superleague 2018"]
[Site "Ankara"]
[Date "2018.07.28"]
[Round "4"]
[White "Ayan, Bengu Sena"]
[Black "Onur, Cigdem"]
[Result "1/2-1/2"]
[ECO "A06"]
[WhiteElo "1787"]
[BlackElo "1750"]
[Annotator "NA"]
[PlyCount "90"]
[EventDate "2018.07.25"]
[EventType "team-tourn"]
[EventCountry "TUR"]
[SourceTitle "playchess.com"]
[Source "ChessBase"]
[SourceQuality "1"]
[TimeControl "40/5400+30:1800+30"]

1. d4 d5 2. c4 c6 3. Nf3 Nf6 4. e3 e6 5. b3 Nbd7 6. Bb2 Bd6 7. Bd3 Qe7 8. Ne5 Ne4 9. O-O Bc7 10. f3 Nxe5 11. dxe5 Nc5 12. Bc2 dxc4 13. bxc4 Bd7 14. Nd2 O-O-O 15. Ne4 Nxe4 16. Bxe4 Qc5 17. Bd4 Qxc4 18. Bxa7 Bxe5 19. Bb6 Bc7 20. Rc1 Qa6 21. Bxc7 Kxc7 22. Qd4 f6 23. Rfd1 Qb6 24. Qd6+ Kc8 25. Rc3 Qc7 26. Qb4 Be8 27. Rb1 Bg6 28. Ra3 Bxe4 29. fxe4 Qb8 30. Ra5 Rd7 31. Qa3 Kc7 32. Ra7 Rhd8 33. Qa5+ Kd6 34. Qb4+ c5 35. Rd1+ Ke7 36. Qxc5+ Kf7 37. Rxd7+ Rxd7 38. Qa3 Rd1+ 39. Kf2 Qxh2 40. Rxb7+ Kg6 41. Rxg7+ Kxg7 42. Qe7+ Kg6 43. Qe8+ Kh6 44. Qf8+ Kg6 45. Qg8+ Kh6 1/2-1/2

[Event "TUR-chT Superleague 2018"]
[Site "Ankara"]
[Date "2018.07.28"]
[Round "4"]
[White "Sahin, Hayrun Nisa"]
[Black "Yorgun, Yaren Naz"]
[Result "1/2-1/2"]
[ECO "B08"]
[WhiteElo "1736"]
[BlackElo "1737"]
[Annotator "NA"]
[PlyCount "111"]
[EventDate "2018.07.25"]
[EventType "team-tourn"]
[EventCountry "TUR"]
[SourceTitle "playchess.com"]
[Source "ChessBase"]
[SourceQuality "1"]
[TimeControl "40/5400+30:1800+30"]

1. e4 g6 2. d4 Bg7 3. Nc3 d6 4. Nf3 Nf6 5. Be3 O-O 6. Qd2 a6 7. Bh6 b5 8. Bd3 Bb7 9. h4 Bxh6 10. Qxh6 Ng4 11. Qd2 h5 12. Nh2 Nxh2 13. Rxh2 e5 14. dxe5 dxe5 15. O-O-O Qf6 16. g4 hxg4 17. Rg1 Qf4 18. Qxf4 exf4 19. Rxg4 Kg7 20. h5 Rh8 21. Rxf4 Rxh5 22. Rxh5 gxh5 23. Rh4 Nd7 24. Rxh5 Rh8 25. Rxh8 Kxh8 26. Kd2 Kg7 27. Ke3 Kf6 28. f4 Ke6 29. Ne2 c5 30. b3 Nf6 31. a4 bxa4 32. bxa4 Nd7 33. a5 Nb8 34. Nc3 f6 35. Na4 Kd6 36. Nb6 Bc6 37. Nc8+ Kd7 38. Nb6+ Kd6 39. Bc4 Ke7 40. Bd5 Bb5 41. Bb7 Bc6 42. Bxc6 Nxc6 43. Nd5+ Ke6 44. Nc7+ Kd6 45. Nxa6 Nxa5 46. Kf3 Nc4 47. c3 Nd2+ 48. Ke3 Nc4+ 49. Ke2 Kc6 50. Kf3 Nd2+ 51. Ke3 Nc4+ 52. Kd3 Nb2+ 53. Ke2 Nc4 54. f5 Kb6 55. Nb8 Kc7 56. Na6+ 1/2-1/2

[Event "TUR-chT Superleague 2018"]
[Site "Ankara"]
[Date "2018.07.29"]
[Round "5"]
[White "Solak, Dragan"]
[Black "Can, Emre"]
[Result "1-0"]
[ECO "B97"]
[WhiteElo "2603"]
[BlackElo "2605"]
[Annotator "RC"]
[PlyCount "89"]
[EventDate "2018.07.25"]
[EventType "team-tourn"]
[EventCountry "TUR"]
[SourceTitle "playchess.com"]
[Source "ChessBase"]
[SourceQuality "1"]
[TimeControl "40/5400+30:1800+30"]

1. e4 c5 2. Nf3 d6 3. d4 cxd4 4. Nxd4 Nf6 5. Nc3 a6 6. Bg5 e6 7. f4 h6 8. Bh4 Qb6 9. Qd2 Qxb2 10. Rb1 Qa3 11. e5 dxe5 12. fxe5 g5 13. exf6 gxh4 14. Be2 e5 15. Nb3 Nc6 16. Nd5 Qd6 17. O-O Nd4 18. c4 Nxe2+ 19. Qxe2 Rg8 20. Nd2 Bg4 21. Qd3 Qc6 22. Ne4 Bc5+ 23. Kh1 h3 24. gxh3 Be6 25. Nxc5 Qxc5 26. Rxb7 O-O-O 27. Qb3 Bxd5+ 28. cxd5 Qxd5+ 29. Qxd5 Rxd5 30. Ra7 Rb5 31. Rxf7 Rb7 32. Rxb7 Kxb7 33. f7 Rf8 34. Rf6 Kc8 35. Kg2 Kd8 36. Rxa6 Ke7 37. Ra7+ Kf6 38. a4 Kg7 39. a5 Rc8 40. a6 Rc6 41. Kf3 e4+ 42. Kxe4 Rc4+ 43. Kd5 Ra4 44. Ke6 Rf4 45. Rc7 1-0

[Event "TUR-chT Superleague 2018"]
[Site "Ankara"]
[Date "2018.07.29"]
[Round "5"]
[White "Shevchenko, Kirill"]
[Black "Ozenir, Ekin Baris"]
[Result "1-0"]
[ECO "E16"]
[WhiteElo "2554"]
[BlackElo "2300"]
[Annotator "ChessBase"]
[PlyCount "151"]
[EventDate "2018.07.25"]
[EventType "team-tourn"]
[EventCountry "TUR"]
[SourceTitle "playchess.com"]
[Source "ChessBase"]
[SourceQuality "1"]
[TimeControl "40/5400+30:1800+30"]

1. d4 Nf6 2. c4 e6 3. g3 d5 4. Bg2 Bb4+ 5. Nd2 O-O 6. Ngf3 b6 7. O-O Bb7 8. b3 c5 9. Bb2 Nc6 10. Rc1 Rc8 11. cxd5 Nxd5 12. a3 Bxd2 13. Qxd2 Na5 14. Qd3 Nf6 15. Nd2 Bxg2 16. Kxg2 Qe7 17. Nc4 Nxc4 18. Rxc4 Rfd8 19. Rfc1 e5 20. Qf3 exd4 21. Bxd4 Nd7 22. b4 Re8 23. bxc5 bxc5 24. e3 Qe4 25. Qxe4 Rxe4 26. R4c3 g6 27. Kf3 f5 28. Ke2 Rc6 29. f3 cxd4 30. Rxc6 Rxe3+ 31. Kf1 Rxf3+ 32. Kg2 Rxa3 33. Rd6 Nf8 34. Rc7 Rc3 35. Rxa7 Rc8 36. Rxd4 Rc2+ 37. Kf3 Rc3+ 38. Ke2 Rc2+ 39. Ke1 Rc1+ 40. Kd2 Rc6 41. Rb4 Rf6 42. Rbb7 h6 43. Rg7+ Kh8 44. Ke3 Ne6 45. Rh7+ Kg8 46. Rxh6 Ng5 47. Rh4 Re6+ 48. Kf2 Nf7 49. Rb4 Kg7 50. Rbb7 Rf6 51. Kf3 Kg8 52. Kg2 Kg7 53. Re7 Kg8 54. Kf2 Kg7 55. Ke3 Kg8 56. Rad7 Kg7 57. h3 Kg8 58. Kd4 Kg7 59. Kd5 f4 60. g4 f3 61. Re1 f2 62. Rf1 Rf4 63. Ra7 Kg8 64. Ra2 Ng5 65. Raxf2 Rxf2 66. Rxf2 Nxh3 67. Ra2 Kg7 68. Ke5 Ng5 69. Ra7+ Kh6 70. Re7 Nh3 71. Kf6 Ng5 72. Re3 Nh7+ 73. Kf7 Kg5 74. Kg7 Kxg4 75. Kxh7 g5 76. Kg6 1-0

[Event "TUR-chT Superleague 2018"]
[Site "Ankara"]
[Date "2018.07.29"]
[Round "5"]
[White "Dastan, Muhammed Batuhan"]
[Black "Esen, Baris"]
[Result "1-0"]
[ECO "B90"]
[WhiteElo "2552"]
[BlackElo "2487"]
[Annotator "RC"]
[PlyCount "81"]
[EventDate "2018.07.25"]
[EventType "team-tourn"]
[EventCountry "TUR"]
[SourceTitle "playchess.com"]
[Source "ChessBase"]
[SourceQuality "1"]
[TimeControl "40/5400+30:1800+30"]

1. e4 c5 2. Nf3 d6 3. d4 cxd4 4. Nxd4 Nf6 5. Nc3 a6 6. h4 e5 7. Nb3 Be7 8. Bg5 Be6 9. Bxf6 Bxf6 10. g3 Be7 11. Qd2 Nd7 12. O-O-O Nb6 13. f4 Rc8 14. f5 Bd7 15. Kb1 h5 16. Rh2 Rh6 17. Rf2 Kf8 18. Qe3 Qc7 19. Qf3 Bc6 20. Nd5 Bxd5 21. exd5 Bf6 22. c4 Na4 23. Qe3 Rh8 24. Rc2 b6 25. Nd2 a5 26. a3 Nc5 27. b4 axb4 28. axb4 Nd7 29. Ne4 Ra8 30. Rdd2 Ke7 31. Ra2 Qb7 32. Be2 Rhc8 33. Rxa8 Rxa8 34. Qb3 g6 35. fxg6 fxg6 36. Ra2 Bg7 37. Nxd6 Kxd6 38. c5+ Ke7 39. c6 Rxa2 40. d6+ Kd8 41. cxb7 1-0